 Dungeon Crawl Stone Soup version 0.30-a0-591-g3c58d2bc28 (webtiles) character file.

Game seed: 5539757096796857329

8396 sokol815 the Cleaver (level 11, -9/81 HPs)
             Began as a Demonspawn Monk on Jan 6, 2023.
             Was an Initiate of Gozag.
             Mangled by an ogre
             ... wielding a +0 giant spiked club
              (33 damage)
             ... on level 2 of the Orcish Mines.
             The game lasted 00:25:19 (13031 turns).

sokol815 the Cleaver (Demonspawn Monk)             Turns: 13031, Time: 00:25:20

Health: -9/81      AC: 16    Str: 17    XL:     11   Next: 9%
Magic:  11/11      EV:  6    Int: 11    God:    Gozag
Gold:   2101       SH: 13    Dex: 15    Spells: 10/10 levels left

rFire   + . .      SeeInvis +    a - +1 hand axe (vamp)
rCold   + . .      Faith    .    y - +0 kite shield
rNeg    . . .      Spirit   .    z - +0 chain mail
rPois   .          Reflect  .    (helmet unavailable)
rElec   .          Harm     .    l - +1 cloak
rCorr   .          Rampage  .    P - +0 pair of gloves
Will    .....                    (no boots) Stlth
                                 (no amulet)
HPRegen 0.33/turn                F - ring of protection from fire {rF+, !d}
MPRegen 0.12/turn                A - ring of ice {rC+, rF-}

@: no status effects
A: antennae 3, molten scales 3, demonic guardian 1, condensation shield,
bedeviling
a: Renounce Religion, Potion Petition, Call Merchant, Bribe Branch


You were on level 2 of the Orcish Mines.
You worshipped Gozag.
Gozag was most pleased with you.
You visited 3 branches of the dungeon, and saw 13 of its levels.

You collected 2101 gold pieces.

Inventory:

Hand Weapons
 a - a +1 vampiric hand axe (weapon)
   (You took it off a wight on level 8 of the Dungeon)
 b - a +5 flail of protection
   (You took it off Edmund on level 5 of the Dungeon)
 c - a +0 arbalest
   (You took it off an orc warrior on level 6 of the Dungeon)
 m - a +1 dagger of venom
   (You found it on level 3 of the Dungeon)
 E - a +2 dagger of electrocution
   (You took it off a kobold on level 4 of the Dungeon)
 H - a +3 dire flail
   (You took it off a wight on level 8 of the Dungeon)
 I - a +0 war axe
   (You found it on level 5 of the Dungeon)
 R - a +0 trident of protection
   (You found it on level 9 of the Dungeon)
Missiles
 d - 2 throwing nets {!d}
 h - 6 boomerangs of dispersal {=f}
 n - 20 poisoned darts
 s - 75 stones
 B - 5 silver javelins
 C - 11 boomerangs
 K - a curare-tipped dart
 U - 2 silver boomerangs
Armour
 e - a +0 ring mail
   (You found it on level 1 of the Dungeon)
 l - a +1 cloak (worn)
   (You found it on level 3 of the Dungeon)
 r - a +0 robe
 v - a +0 scale mail
   (You found it on level 5 of the Dungeon)
 y - a +0 kite shield (worn)
   (You took it off a gnoll sergeant on level 6 of the Dungeon)
 z - a +0 chain mail (worn)
   (You took it off an orc warrior on level 6 of the Dungeon)
 P - a +0 pair of gloves (worn)
   (You found it on level 7 of the Dungeon)
Magical Staves
 k - a staff of earth
   (You found it on level 2 of the Dungeon)
Jewellery
 A - a ring of ice (right hand) {rC+, rF-}
   (You found it on level 3 of the Dungeon)
 F - a ring of protection from fire (left hand) {rF+, !d}
   (You found it on level 8 of the Dungeon)
Wands
 i - a wand of iceblast (9)
   (You found it on level 5 of the Dungeon)
 j - a wand of polymorph (20)
   (You found it on level 7 of the Dungeon)
 p - a wand of paralysis (9)
   (You found it on level 8 of the Dungeon)
 q - a wand of flame (26)
   (You found it on level 3 of the Dungeon)
Scrolls
 f - 3 scrolls of fog
 x - 2 scrolls of amnesia
 N - a scroll of torment {!r}
 Q - a scroll of enchant armour
 Y - 7 scrolls of teleportation {@r3}
Potions
 o - a potion of cancellation {unknown}
 t - 2 potions of attraction {!q}
 u - 2 potions of brilliance {unknown}
 w - a potion of mutation {unknown}
 D - a potion of flight {unknown}
 G - a potion of ambrosia {!q}
 J - a potion of curing {@q1}
 L - a potion of invisibility {unknown}
 M - a potion of might
 O - a potion of degeneration {unknown}
 S - a potion of heal wounds {unknown}
 T - a potion of berserk rage {!q}
Miscellaneous
 g - a tin of tremorstones (2/2)
   (You found it on level 9 of the Dungeon)


   Skills:
 + Level 5.6 Fighting
 - Level 14.0 Axes
 + Level 4.2 Armour
 - Level 2.6 Dodging
 - Level 1.7 Stealth
 + Level 4.2 Shields


You had 10 spell levels left.
You didn't know any spells.
Your spell library contained the following spells:

 Spells                   Type           Power      Damage    Failure   Level
 Magic Dart               Conj           0%         1d3       100%        1
 Call Imp                 Summ           0%         N/A       100%        2
 Cigotuvi's Dreadful Rot  Necr/Pois/Air  0%         N/A       100%        2
 Hailstorm                Conj/Ice       0%         3d3       100%        3
 Mephitic Cloud           Conj/Pois/Air  0%         N/A       100%        3
 Dispel Undead            Necr           0%         3d6       100%        4
 Ice Form                 Ice/Tmut       0%         N/A       100%        4
 Manifold Assault         Tloc           0%         N/A       100%        4
 Death Channel            Necr           0%         N/A       100%        6
 Dispersal                Tloc           0%         N/A       100%        6
 Disjunction              Tloc           0%         N/A       100%        8
 Simulacrum               Ice/Necr       Unusable   N/A       N/A         6

Dungeon Overview and Level Annotations

Branches:
Dungeon (10/15) Zot: 26677  Temple (1/1) D:6 Zot: 5989     Orc (2/2) D:9 Zot: 10439
    Elf (0/3) Orc:2
   Lair: D:8-11

Altars:
Ashenzari
Dithmenos
Fedhas
Gozag
Hepliaklqana
Kikubaaqudgha
Qazlal
Ru
Uskayaw
Xom

Shops:
D:9 !   Orc:2 [(

Annotations:
D:7 3 runed translucent doors, experimilk's ghost, amateur DrTm
D:10 Fannar
Orc:2 1 runed translucent door


Innate Abilities, Weirdness & Mutations

You have a pair of large antennae on your head. (SInv)
You are completely covered in molten scales. (AC +4, rF+)
A weak demonic guardian rushes to your aid.
A meltable shield of frost defends you. (SH +4)
Your hexes are more powerful.


Message History

Your rust devil closely misses the orc warrior.
You hit the orc warrior. The orc warrior barely misses you.
The orc warrior hits your rust devil with a +0 hand axe.
You hit the orc warrior but do no damage.
Your rust devil hits the orc warrior.
Your rust devil corrodes the orc warrior!
The orc warrior hits you but does no damage.
The orc warrior hits your rust devil but does no damage.
You closely miss the orc warrior.
Your rust devil hits the orc warrior.
The orc warrior seems to be corroded for longer.
You block the orc warrior's attack.
The orc warrior hits your rust devil with a +0 hand axe!
You hit the orc warrior.
Your rust devil hits the orc warrior.
The orc warrior seems to be corroded for longer.
You closely miss the orc warrior.
The orc warrior hits you but does no damage.
The orc warrior hits your rust devil but does no damage.
You closely miss the orc warrior.
Your rust devil hits the orc warrior!
The orc warrior seems to be corroded for longer.
The orc warrior hits you with a +0 hand axe.
The orc warrior hits your rust devil with a +0 hand axe!
You take 5 damage, and have 68/80 hp.
You barely miss the orc warrior.
Your rust devil completely misses the orc warrior.
You barely miss the orc warrior.
The orc warrior hits you but does no damage.
The orc warrior hits your rust devil with a +0 hand axe.
Your rust devil hits the orc warrior!
The orc warrior dies!
You regained 2 hp, and now have 70/81 hp.
No target in view!
Your rust devil disappears in a puff of smoke!
Your icy envelope is restored.
You now have 2084 gold pieces (gained 5).
Things that are here:
a +0 dagger; a +0 robe You now have 2090 gold pieces (gained 6).
You see here a +0 short sword.
You now have 2096 gold pieces (gained 6).
Things that are here:
a +0 hand axe; a +0 plate armour You now have 2101 gold pieces (gained 5).
You see here a +0 short sword.
There is a staircase to the Elven Halls here.
You sense a monster nearby.
Health restored: 81 An ogre comes into view.
It is wielding a +0 giant club.
The ogre shouts!
You hear a shout! x3; You hear two shouts!
You hear a shout!
An ogre comes into view. It is wielding a +0 giant club.
You hear a shout! x2
A cyclops, 2 trolls and 3 ogres come into view.
The ogre shouts!
The troll shouts!
The cyclops shouts!
The ogre shouts! x2
You hear a shout! x2; You hear two shouts! x3; You hear a shout! x2
A troll comes into view. x2
The troll moves out of view. x2
You hear a shout!
You hear two shouts!
An ogre mage, 5 two-headed ogres and 3 ogres come into view.
Found Zozxoxou's Weapon Emporium and Wefagg's Antique Armour Shoppe.
The ogre shouts!
The two-headed ogre shouts in stereo!
The ogre mage shouts!
The two-headed ogre shouts in stereo! x3; The ogre shouts! x2
You hear a shout! x2
A two-headed ogre comes into view.
It is wielding a +0 giant club and a +0 giant spiked club.
A troll comes into view.
The ogre attacks as you move away! The ogre barely misses you.
The ogre attacks as you move away! You block the ogre's attack.
There is a stone staircase leading up here.
The ogre hits you with a +0 giant club!
You take 15 damage, and have 66/81 hp.
The ogre barely misses you.
You climb upwards.
There is a stone staircase leading down here.
You hit the ogre but do no damage. You barely miss the ogre.
The ogre hits you with a +0 giant spiked club!
You take 17 damage, and have 50/81 hp.
MASSIVE DAMAGE!!
You barely miss the ogre. You hit the ogre. You block the ogre's attack.
You hit the ogre but do no damage. You hit the ogre.
You feel better. You block the ogre's attack.
You barely miss the ogre. You hit the ogre.
The ogre hits you with a +0 giant club!!
* * * LOW HITPOINT WARNING * * *
You take 28 damage, and have 23/81 hp.
MASSIVE DAMAGE!!
You block the ogre's attack.
There is a stone staircase leading down, spattered with blood here.
You block the ogre's attack.
You climb downwards.
Level annotation: 1 runed translucent door
There is a stone staircase leading up here.
You hit the ogre. You closely miss the ogre.
The ogre hits you with a +0 giant spiked club.
* * * LOW HITPOINT WARNING * * *
You take 5 damage, and have 20/81 hp.
You hit the ogre.
You feel better.
You regained 2 hp, and now have 22/81 hp.
You hit the ogre.
You feel better.
The ogre hits you with a +0 giant spiked club!!
You die...
Your body crumbles into a pile of gold.

##.##..........#.......##
#....#............#...##
##................#####
###.................####
#..........#.......#.## $
##.........#..........#
#............#.......#
##..####..#O......#.##
###..###...#@#...####
##.....###..#..#.## {
#.....## #......##
#..#..####[.[..##
####...##.#)####
##.#..##...##
#......#...#
##.#.......##
##.........#


You could see an ogre.

Vanquished Creatures
  A two-headed ogre (D:10)
  3 trolls
  2 hornets (D:6)
  A wyvern (D:9)
  A shadow (D:9)
  A steam dragon (D:6)
  Edmund (D:5)
  A water moccasin (D:8)
  5 wargs
  Duvessa (D:6)
  5 orc warriors
  A sky beast (D:7)
  2 ice beasts
  A black bear (D:5)
  4 ogres
  A centaur (D:9)
  A phantom (D:6)
  6 bullfrogs
  2 kobold brigands
  A necrophage (D:4)
  A gnoll sergeant (D:6)
  2 scorpions
  10 wights
  Dowan (D:6)
  4 killer bees (D:9)
  5 howler monkeys
  10 orc priests
  5 hounds
  4 iguanas
  Natasha (twice) (D:2 D:1)
  16 orc wizards
  10 adders
  11 gnolls
  3 white imps
  A worm (D:3)
  3 dart slugs
  45 orcs
  6 ball pythons
  12 endoplasms
  2 giant cockroaches
  2 goblins (D:2)
  8 hobgoblins
  9 jackals
  3 quokkas
  8 bats
  4 frilled lizards (D:1)
  13 kobolds
  6 rats
247 creatures vanquished.

Vanquished Creatures (collateral kills)
  An orc high priest (Orc:2)
  A troll (D:9)
  Menkaure (D:6)
  An orc warrior (Orc:2)
  A centaur (D:9)
  An iguana (D:4)
  An orc (Orc:2)
  A jackal (D:5)
8 creatures vanquished.

Vanquished Creatures (others)
  A kobold (D:10)
1 creature vanquished.

Grand Total: 256 creatures vanquished

Notes
Turn   | Place    | Note
-------+----------+-------------------------------------------
     0 | D:1      | sokol815 the Demonspawn Monk began the quest for the Orb.
     0 | D:1      | Reached XP level 1. HP: 18/18 MP: 1/1
   168 | D:1      | Reached skill level 3 in Axes
   382 | D:1      | Gained mutation: You are partially covered in molten
                  | scales. (AC +2) [demonic ancestry]
   382 | D:1      | Reached XP level 2. HP: 11/24 MP: 2/2
   475 | D:1      | Found a faded altar of an unknown god.
   942 | D:1      | Gained mutation: A meltable shield of frost defends you.
                  | (SH +4) [demonic ancestry]
   942 | D:1      | Reached XP level 3. HP: 29/29 MP: 3/3
  1312 | D:1      | HP: 7/29 [gnoll/+0 club (6)]
  1328 | D:1      | Reached skill level 4 in Axes
  1427 | D:2      | Noticed Natasha
  1435 | D:2      | Killed Natasha
  1549 | D:2      | Reached XP level 4. HP: 33/35 MP: 4/4
  1565 | D:2      | Noticed Natasha
  1823 | D:1      | Killed Natasha
  1824 | D:1      | Reached skill level 5 in Axes
  2535 | D:2      | Gained mutation: You are mostly covered in molten scales.
                  | (AC +3) [demonic ancestry]
  2535 | D:2      | Reached XP level 5. HP: 24/41 MP: 5/5
  2689 | D:2      | Found a broken altar of Ashenzari.
  3873 | D:4      | Reached skill level 6 in Axes
  3910 | D:4      | HP: 10/41 [poisoned by a scorpion]
  3927 | D:4      | Gained mutation: A weak demonic guardian rushes to your
                  | aid. [demonic ancestry]
  3927 | D:4      | Reached XP level 6. HP: 13/47 MP: 6/6
  3927 | D:4      | HP: 8/47 [iguana (5)]
  4556 | D:4      | Reached skill level 7 in Axes
  4959 | D:5      | Entered Level 5 of the Dungeon
  4997 | D:5      | Noticed Edmund
  5009 | D:5      | Killed Edmund
  5010 | D:5      | Gained mutation: You have a pair of small antennae on your
                  | head. [demonic ancestry]
  5010 | D:5      | Reached XP level 7. HP: 52/52 MP: 7/7
  5470 | D:5      | Reached skill level 8 in Axes
  5783 | D:6      | Noticed a steam dragon
  5810 | D:6      | Killed a steam dragon
  5820 | D:6      | Noticed Duvessa
  5821 | D:6      | Noticed Dowan
  5842 | D:6      | Killed Duvessa
  5843 | D:6      | Reached skill level 9 in Axes
  5843 | D:6      | Gained mutation: You are completely covered in molten
                  | scales. (AC +4, rF+) [demonic ancestry]
  5843 | D:6      | Reached XP level 8. HP: 26/58 MP: 8/8
  5853 | D:6      | Killed Dowan
  6020 | D:6      | Found a staircase to the Ecumenical Temple.
  6024 | D:6      | Noticed Menkaure
  6391 | D:6      | Killed Menkaure
  6392 | D:6      | Reached skill level 10 in Axes
  6446 | D:6      | Noticed a hornet
  6450 | D:6      | Paralysed by a hornet for 1 turns
  6453 | D:6      | HP: 11/58 [hornet (11)]
  6462 | D:6      | HP: 17/87 [hornet (9)]
  6463 | D:6      | HP: 7/87 [hornet (10)]
  6468 | D:6      | HP: 15/87 [hornet (5)]
  6469 | D:6      | Killed a hornet
  6654 | Temple   | Entered the Ecumenical Temple
  6659 | Temple   | Became a worshipper of Gozag Ym Sagoz the Greedy
  6837 | D:6      | Noticed a hornet
  6845 | D:6      | Paralysed by a hornet for 3 turns
  6851 | D:6      | Killed a hornet
  6852 | D:6      | Reached skill level 11 in Axes
  6852 | D:6      | Gained mutation: You have a pair of antennae on your head.
                  | [demonic ancestry]
  6852 | D:6      | Reached XP level 9. HP: 42/63 MP: 9/9
  7633 | D:7      | Noticed a troll
  7761 | D:7      | Reached skill level 12 in Axes
  7861 | D:7      | Killed a troll
  8212 | D:7      | Found a runed translucent gate.
  8213 | D:7      | Found a runed translucent gate.
  8213 | D:7      | Noticed experimilk's ghost (amateur DrTm)
  8215 | D:7      | Found a runed translucent gate.
  8280 | D:8      | Found an ancient bone altar of Kikubaaqudgha.
  8523 | D:8      | Reached skill level 13 in Axes
  9030 | D:8      | Gained mutation: You have a pair of large antennae on your
                  | head. (SInv) [demonic ancestry]
  9030 | D:8      | Reached XP level 10. HP: 70/70 MP: 10/10
 10033 | D:9      | Found a staircase to the Orcish Mines.
 10052 | D:9      | Found Jeibuek's Distillery.
 10288 | D:9      | Reached skill level 14 in Axes
 10618 | D:9      | Reached skill level 1 in Armour
 10618 | D:9      | Reached skill level 1 in Shields
 11102 | D:10     | Entered Level 10 of the Dungeon
 11162 | D:10     | Noticed Fannar
 11198 | D:10     | Noticed a two-headed ogre
 11211 | D:10     | HP: 17/70 [Fannar/bolt of cold (2)]
 11212 | D:10     | Killed a two-headed ogre
 11213 | D:10     | Reached skill level 4 in Fighting
 11213 | D:10     | Reached skill level 2 in Armour
 11213 | D:10     | Reached skill level 2 in Shields
 11223 | D:10     | HP: 15/71 [Fannar/staff of cold (4)]
 11423 | Orc:1    | Entered Level 1 of the Orcish Mines
 11755 | Orc:2    | Entered Level 2 of the Orcish Mines
 11755 | Orc:2    | Noticed an orc high priest
 11813 | Orc:1    | Reached skill level 3 in Armour
 11813 | Orc:1    | Reached skill level 3 in Shields
 11870 | Orc:2    | Killed an orc high priest
 11871 | Orc:2    | Reached skill level 5 in Fighting
 12161 | Orc:2    | Found a runed translucent door.
 12247 | Orc:1    | Gained mutation: Your hexes are more powerful. [demonic
                  | ancestry]
 12247 | Orc:1    | Reached XP level 11. HP: 63/80 MP: 11/11
 12389 | Orc:1    | Reached skill level 4 in Shields
 12577 | Orc:2    | Reached skill level 4 in Armour
 12582 | Orc:2    | HP: 16/80 [orc priest/divine providence (10)]
 12590 | Orc:2    | HP: 18/80 [orc warrior/+0 trident (6)]
 12903 | Orc:2    | Found a staircase to the Elven Halls.
 12993 | Orc:2    | Found Zozxoxou's Weapon Emporium.
 12993 | Orc:2    | Found Wefagg's Antique Armour Shoppe.
 12993 | Orc:2    | Noticed a two-headed ogre
 12993 | Orc:2    | Noticed an ogre mage
 12993 | Orc:2    | Noticed a two-headed ogre
 12993 | Orc:2    | Noticed a two-headed ogre
 12993 | Orc:2    | Noticed a two-headed ogre
 12993 | Orc:2    | Noticed a two-headed ogre
 12993 | Orc:2    | Noticed a two-headed ogre
 13029 | Orc:2    | HP: 20/81 [ogre/+0 giant spiked club (5)]
 13031 | Orc:2    | Mangled by an ogre

Illustrated notes

Levels and vault maps discovered:
D:1:      elethiomel_arrival_infinity_welcomes_careful_drivers, layout_basic,
          hellmonk_ecumenical_altar_pennies_from_heaven, minmay_pentomino_p2
D:2:      layout_rooms, basic_altar, uniq_natasha
D:3:      layout_loops_ring, chequers_garden, minmay_increasing_density
D:4:      layout_basic, minmay_strange_pillars
D:5:      nicolae_cairo_tiling_large, layout_rooms, hex_medium,
          patterned_corridor, uniq_edmund
D:6:      layout_loops_ring, pf_just_have_faith,
          minmay_temple_entry_stoned_glass, kennysheep_generic_room_14,
          uniq_menkaure, uniq_duvessa
D:7:      layout_basic, biasface_ghost_orc_armoury
D:8:      layout_basic, mainiacjoe_overflow_tiny_flanked
D:9:      layout_grid_maze, orc_0_dummy, serial_shops,
          nicolae_shop_advertising_works [nicolae_subvault_shop_adworks],
          columned_hall_lemuel
D:10:     wad_crossroads, layout_basic, nemelex_spade_bored_becter, uniq_fannar
Temple:   compressed_dpeg_triangle_lava_temple
Orc:1:    layout_diamond_mine
Orc:2:    st_orc_open, layout_caves, lightli_church_of_beogh

Skill      XL: |  1  2  3  4  5  6  7  8  9 10 11 |
---------------+----------------------------------+-----
Axes           | 3 4 5 6 7 9 11 13 14 | 14.0
Armour         | 3 4 |  4.2
Shields        | 3 4 |  4.2
Fighting       | 5 |  5.6
Dodging        | |  2.6
Stealth        | |  1.7

Action                   |  1- 3 |  4- 6 |  7- 9 | 10-12 || total
-------------------------+-------+-------+-------+-------++-------
Melee: Hand axe          |   119 |   315 |    73 |   381 ||   888
       Punch             |       |     3 |     4 |       ||     7
       Flail             |       |       |   349 |    44 ||   393
Throw: Stone             |     6 |       |       |       ||     6
Evoke: Wand              |       |       |     4 |       ||     4
  Use: Potion            |     1 |     3 |     4 |     1 ||     9
       Scroll            |       |     9 |     2 |     2 ||    13
 Stab: Sleeping          |     1 |     1 |       |       ||     2
       Distracted        |       |     1 |     3 |     3 ||     7
Armor: Robe              |    12 |       |       |       ||    12
       Ring mail         |    22 |   105 |     5 |       ||   132
       Scale mail        |       |       |    74 |       ||    74
       Skin              |       |       |    20 |       ||    20
       Chain mail        |       |       |   111 |   178 ||   289
Dodge: Dodged            |    73 |   152 |   123 |    77 ||   425
Block: Other             |     6 |    51 |    38 |       ||    95
       Kite shield       |       |       |   105 |   247 ||   352

Table legend: (Time is in decaauts)
 A = Elapsed time spent in this place.
 B = Non-inter-level travel time spent in this place.
 C = Inter-level travel time spent in this place.
 D = Time resting spent in this place.
 E = Time spent auto-exploring this place.
 F = Levels seen in this place.
 G = Mean time per level.
                   A        B        C        D        E       F      G
               +--------+--------+--------+--------+--------+-----+--------+
         Total |  13051 |  11952 |   1099 |   2362 |   7228 |  13 | 1003.9 |
       Dungeon |  11480 |  10404 |   1076 |   2040 |   6363 |  10 | 1148.0 |
        Temple |     10 |      5 |      5 |      0 |      0 |   1 |   10.0 |
  Orcish Mines |   1560 |   1543 |     17 |    322 |    865 |   2 |  780.0 |
               +--------+--------+--------+--------+--------+-----+--------+

Top non-repeatable levels by time:
     D:1: 2331 daAuts
     D:9: 1868 daAuts
     D:6: 1336 daAuts
     D:5: 1226 daAuts
     D:8: 1132 daAuts
     D:4: 1120 daAuts
     D:3: 889 daAuts
   Orc:1: 827 daAuts
     D:7: 792 daAuts
   Orc:2: 733 daAuts
     D:2: 642 daAuts
    D:10: 141 daAuts
  Temple: 10 daAuts

Table legend:
 A = Kills in this place as a percentage of kills in entire the game.
 B = Kills by you in this place as a percentage of kills by you in the entire game.
 C = Kills by friends in this place as a percentage of kills by friends in the entire game.
 D = Other kills in this place as a percentage of other kills in the entire game.
 E = Experience gained in this place as a percentage of experience gained in the entire game.
 F = Experience gained in this place divided by the number of levels of this place that you have seen.
                   A       B       C       D       E      F
               +-------+-------+-------+-------+-------+----------------------
         Total | 100.0 | 100.0 | 100.0 |   N/A | 100.0 | 922.7
       Dungeon |  80.0 |  80.6 |  62.5 |   N/A |  70.4 | 844.3
  Orcish Mines |  20.0 |  19.4 |  37.5 |   N/A |  29.6 | 1776.0
               +-------+-------+-------+-------+-------+----------------------
